 Dungeon Crawl Stone Soup version 0.22.1-2-g9c5b331383 (webtiles) character file.

317 Peloso the Shield-Bearer (level 6, -3/53 HPs)
             Began as a Minotaur Fighter on Dec 31, 2018.
             Slain by Grinder (5 damage)
             ... on level 3 of the Dungeon.
             The game lasted 00:04:40 (1843 turns).

Peloso the Shield-Bearer (Minotaur Fighter)         Turns: 1843, Time: 00:04:41

Health: -3/53      AC: 11    Str: 21    XL:     6   Next: 20%
Magic:  5/5        EV:  6    Int:  5    God:
Gold:   113        SH: 10    Dex: 11    Spells: 5/5 levels left

rFire    . . .     SeeInvis .   a - +0 long sword
rCold    . . .     Gourm    .   c - +0 shield
rNeg     . . .     Faith    .   l - +0 chain mail
rPois    .         Spirit   .   (helmet restricted)
rElec    .         Reflect  .   (no cloak)
rCorr    .         Harm     .   h - +0 pair of gloves (curse)
MR       .....                  (no boots)
Stlth    ..........             p - amulet of the acrobat
HPRegen  0.17/turn              (no ring)
MPRegen  0.09/turn              (no ring)

@: no status effects
A: retaliatory headbutt, horns 2
a: no special abilities


You were on level 3 of the Dungeon.
You were not hungry.

You visited 1 branch of the dungeon, and saw 3 of its levels.

You collected 113 gold pieces.

Inventory:

Hand Weapons
 a - a +0 long sword (weapon)
Armour
 b - a +0 scale mail
 c - a +0 shield (worn)
 h - a cursed +0 pair of gloves (worn)
 l - a +0 chain mail (worn)
Jewellery
 p - an amulet of the acrobat (around neck)
Wands
 r - a wand of acid (2)
 u - a wand of paralysis (13)
Scrolls
 e - 4 scrolls of remove curse {unknown}
 g - a scroll of enchant weapon {unknown}
 i - 7 scrolls of identify {unknown}
 n - a scroll of blinking {unknown}
 o - a scroll of fear {unknown}
 s - a scroll of amnesia {unknown}
 t - a scroll of noise {unknown}
Potions
 d - 2 potions of brilliance {unknown}
 j - 2 potions of resistance
 k - a potion of magic {unknown}
 m - 2 potions of heal wounds {unknown}
Comestibles
 f - 3 rations
 q - a chunk of flesh


   Skills:
 + Level 4.4 Fighting
 + Level 4.5 Long Blades
 + Level 4.9 Armour
 + Level 1.8 Dodging
 + Level 0.1 Stealth
 + Level 5.5 Shields


You had 5 spell levels left.
You didn't know any spells.
Your spell library was empty.

Dungeon Overview and Level Annotations

Branches:
Dungeon (3/15)

Altars:
Trog

Annotations:
D:3 2 transporters, Grinder


Innate Abilities, Weirdness & Mutations

You reflexively headbutt those who attack you in melee.
You have a pair of horns on your head.


Message History

Grinder hits you but does no damage.
Unknown command.
You closely miss Grinder. Your headbutt misses Grinder.
Grinder is almost dead.
Grinder hits you.
* * * LOW HITPOINT WARNING * * *
You writhe in agony.
* * * LOW HITPOINT WARNING * * *
Grinder blinks!
Evoke which item? (* to show all) (? for menu, Esc to quit)
Aiming: Corrosive Bolt
Press: ? - help, Shift-Dir - straight line, f - Grinder
Aim: Grinder (almost dead, unusually resistant)
The bolt of acid misses Grinder.
Grinder blinks!
You hit Grinder. Your headbutt misses Grinder.
Grinder is almost dead.
Grinder hits you.
* * * LOW HITPOINT WARNING * * *
You writhe in agony.
You die...

#...(...# #.#######
........# #.......#
........##########.#
.#.##.....# #.#
.#.##.....# ###.#
...†......# #...#
##.##.....# #.###
)..##.....# #.#
########### #@# #
#5# # #.# # #§# #
#)# ###### ..#
...... ### ######


You could see Grinder.

Vanquished Creatures
  Sigmund (D:2)
  3 gnolls (D:2)
  5 adders
  An ooze (D:1)
  3 worms (D:2)
  3 dart slugs
  A leopard gecko (D:1)
  4 orcs (D:3)
  5 bats (D:1)
  5 giant cockroaches
  8 goblins
  6 hobgoblins
  4 jackals (D:1)
  A ball python (D:3)
  4 frilled lizards
  4 kobolds
  13 rats
71 creatures vanquished.

Notes
Turn   | Place    | Note
-------+----------+-------------------------------------------
     0 | D:1      | Peloso the Minotaur Fighter began the quest for the Orb.
     0 | D:1      | Reached XP level 1. HP: 19/19 MP: 0/0
    82 | D:1      | Reached skill level 4 in Shields
    82 | D:1      | Reached XP level 2. HP: 22/26 MP: 1/1
   372 | D:1      | Reached XP level 3. HP: 33/33 MP: 2/2
   803 | D:2      | Noticed Sigmund
   811 | D:2      | Killed Sigmund
   811 | D:2      | Reached skill level 1 in Dodging
   811 | D:2      | Reached skill level 5 in Shields
   811 | D:2      | Reached XP level 4. HP: 23/41 MP: 3/3
   811 | D:2      | Reached XP level 5. HP: 27/47 MP: 4/4
  1171 | D:2      | Reached XP level 6. HP: 48/53 MP: 5/5
  1322 | D:2      | Noticed a moth of wrath
  1325 | D:2      | Found a bloodstained altar of Trog.
  1720 | D:3      | Found a transporter.
  1720 | D:3      | Found a transporter.
  1820 | D:3      | Noticed Grinder
  1834 | D:3      | Paralysed by Grinder for 5 turns
  1843 | D:3      | HP: 2/53 [Grinder (2)]
  1843 | D:3      | Slain by Grinder

Skill      XL: |  1  2  3 |
---------------+----------+-----
Armour         | 4 |  4.9
Shields        | 4 5 |  5.5
Long Blades    | 4 |  4.5
Fighting       | 4 |  4.4
Dodging        | 1 |  1.8
Stealth        | |  0.1

Action                   |  1- 3 |  4- 6 || total
-------------------------+-------+-------++-------
Melee: Long sword        |    68 |    85 ||   153
       Headbutt          |     9 |    16 ||    25
Evoke: Wand              |       |     1 ||     1
  Use: Potion            |     1 |       ||     1
  Eat: Chunk             |       |     3 ||     3
Armor: Scale mail        |    43 |       ||    43
       Chain mail        |     2 |    44 ||    46
Dodge: Dodged            |    21 |    18 ||    39
Block: Shield            |    28 |    38 ||    66
       Rpst.: Long sword |     5 |     3 ||     8
